 Dungeon Crawl Stone Soup version 0.27-a0-1416-g941b2bd30b (webtiles) character file.

Game seed: 11474570970429761124

31 Sin92 the Skirmisher (level 3, -3/29 HPs)
             Began as a Demonspawn Fighter on July 1, 2021.
             Killed from afar by Terence (8 damage)
             ... with a puff of flame
             ... on level 2 of the Dungeon.
             The game lasted 00:01:49 (1205 turns).

Sin92 the Skirmisher (Demonspawn Fighter)           Turns: 1205, Time: 00:01:50

Health: -3/29      AC:  6    Str: 16    XL:     3   Next: 7%
Magic:  3/3        EV:  7    Int:  9    God:
Gold:   19         SH:  8    Dex: 13    Spells: 2/2 levels left

rFire    . . .     SeeInvis .   a - +0 long sword
rCold    . . .     Faith    .   c - +0 kite shield
rNeg     . . .     Spirit   .   b - +0 scale mail
rPois    .         Reflect  .   (no helmet)
rElec    .         Harm     .   (no cloak)
rCorr    .         Rampage  .   (no gloves)
Will     .....                  (no boots)
Stlth    ..........             (no amulet)
HPRegen  0.09/turn              (no ring)
MPRegen  0.08/turn              (no ring)

@: attractive
A: demonic guardian 1, powered by death 1
a: no special abilities


You were on level 2 of the Dungeon.
You visited 1 branch of the dungeon, and saw 2 of its levels.

You collected 19 gold pieces.

Inventory:

Hand Weapons
 a - a +0 long sword (weapon)
Armour
 b - a +0 scale mail (worn)
 c - a +0 kite shield (worn)
Scrolls
 h - a scroll of fog {unknown}
Potions
 d - a potion of might
 e - a potion of brilliance {unknown}
 g - a potion of heal wounds {unknown}
 i - a potion of attraction
 j - a potion of mutation {unknown}


   Skills:
 + Level 3.2 Fighting
 * Level 2.3 Long Blades
 + Level 2.9 Armour
 + Level 0.9 Dodging
 + Level 2.9 Shields


You had 2 spell levels left.
You didn't know any spells.
Your spell library was empty.

Dungeon Overview and Level Annotations

Branches:
Dungeon (2/15)

Altars:

Annotations:
D:2 Terence


Innate Abilities, Weirdness & Mutations

A weak demonic guardian rushes to your aid.
You regenerate a little health from kills.


Message History

Terence drinks a potion.
Terence seems to speed up.
Found a fizzy pink potion.
Terence is nearby!
Terence zaps a wand.
The puff of flame hits you!
Terence is nearby!
You hit Terence.
Terence is moderately wounded.
Terence zaps a wand.
You block the puff of flame.
Terence zaps a wand.
The puff of flame hits you.
An endoplasm comes into view.
There are monsters nearby!
You hit Terence.
Terence is heavily wounded.
Terence barely misses you. Terence hits you with a +0 flail.
Terence zaps a wand.
The puff of flame hits you!
* * * LOW HITPOINT WARNING * * *
A demonic guardian appears!
It was a potion of curing.
You feel better. Terence hits you with a +0 flail!
* * * LOW HITPOINT WARNING * * *
Your shadow imp hits Terence but does no damage.
You feel better. Terence barely misses you. Terence hits you with a +0 flail.
* * * LOW HITPOINT WARNING * * *
Your shadow imp closely misses Terence.
It was a potion of attraction.
You feel attractive to monsters. You block Terence's attack.
Your shadow imp completely misses Terence.
You hit Terence but do no damage.
Terence is heavily wounded.
Terence hits you but does no damage. You block Terence's attack.
Your shadow imp hits Terence.
Terence hits you with a +0 flail.
* * * LOW HITPOINT WARNING * * *
You hit Terence but do no damage.
Terence is heavily wounded.
Terence hits you with a +0 flail.
* * * LOW HITPOINT WARNING * * *
Your shadow imp hits Terence.
Terence shouts, "DIE!!!"
Terence zaps a wand.
The puff of flame hits you!
You die...

#..##.######.
#..##....###. #
#..###...†... .
#..# #.#.#### #.
#..# #.#.# ###.#
#..###.#.# .!..#
#......#.#
#..######.####.#.#
#J@@.....# #.#.#
#.5######## #.#.#
....# #.#.# .P....
.P#.. . ##. #


You could see Terence (fast, ally target), an endoplasm and a friendly shadow
imp (summoned).

Vanquished Creatures
  A worm (D:2)
  A dart slug (D:1)
  An endoplasm (D:1)
  3 giant cockroaches
  2 goblins (D:1)
  4 jackals (D:1)
  4 ball pythons (D:1)
  3 bats
  2 kobolds (D:1)
  5 rats
26 creatures vanquished.

Vanquished Creatures (others)
  2 plants (D:1)
2 creatures vanquished.

Grand Total: 28 creatures vanquished

Notes
Turn   | Place    | Note
-------+----------+-------------------------------------------
     0 | D:1      | Sin92 the Demonspawn Fighter began the quest for the Orb.
     0 | D:1      | Reached XP level 1. HP: 18/18 MP: 1/1
   278 | D:1      | Gained mutation: You regenerate a little health from kills.
                  | [demonic ancestry]
   278 | D:1      | Reached XP level 2. HP: 21/24 MP: 2/2
  1049 | D:2      | Gained mutation: A weak demonic guardian rushes to your
                  | aid. [demonic ancestry]
  1049 | D:2      | Reached XP level 3. HP: 19/29 MP: 3/3
  1195 | D:2      | Noticed Terence
  1205 | D:2      | Killed from afar by Terence

Illustrated notes

Levels and vault maps discovered:
D:1:      dpeg_arrival_lava_temple_mockup, layout_basic, serial_bayou_ford_a,
          solitary_fountain, minivault_25, st_stairs_9
D:2:      layout_loops_ring, shapermc_ecumenical_altar_mp_vishouse,
          minmay_hedge_maze, minivault_5, kennysheep_generic_room_6,
          uniq_terence

Skill      XL: |  1 |
---------------+----+-----
Long Blades    | 2 |  2.3
Fighting       | |  3.2
Armour         | |  2.9
Dodging        | |  0.9
Shields        | |  2.9

Action                   || total
-------------------------++-------
Melee: Long sword        ||    79
  Use: Potion            ||     3
Armor: Scale mail        ||    31
Dodge: Dodged            ||    23
Block: Kite shield       ||    43
       Rpst.: Long sword ||     6

Table legend: (Time is in decaauts)
 A = Elapsed time spent in this place.
 B = Non-inter-level travel time spent in this place.
 C = Inter-level travel time spent in this place.
 D = Time resting spent in this place.
 E = Time spent auto-exploring this place.
 F = Levels seen in this place.
 G = Mean time per level.
                   A        B        C        D        E       F      G
               +--------+--------+--------+--------+--------+-----+--------+
         Total |   1259 |   1231 |     28 |      0 |   1027 |   2 |  629.5 |
       Dungeon |   1259 |   1231 |     28 |      0 |   1027 |   2 |  629.5 |
               +--------+--------+--------+--------+--------+-----+--------+

Top non-repeatable levels by time:
     D:1: 1066 daAuts
     D:2: 192 daAuts
